[Event "Baku Open 2024"]
[Site "Baku"]
[Date "2024.07.03"]
[Round "5.40"]
[White "Aliyev, Ravan"]
[Black "Dimitrova, Aleksandra"]
[Result "1-0"]
[ECO "A13"]
[WhiteElo "2352"]
[BlackElo "2138"]
[Annotator "TA"]
[PlyCount "73"]
[EventDate "2024.06.29"]
[EventType "swiss"]
[EventCountry "AZE"]
[SourceTitle "playchess.com"]
[Source "ChessBase"]
[SourceQuality "1"]
[TimeControl "5400+30"]

1. Nf3 Nf6 2. c4 e6 3. g3 d5 4. b3 d4 5. Bg2 c5 6. O-O Nc6 7. e3 e5 8. d3 Be7 9. e4 (9. exd4 $11 {remains equal.} exd4 10. Bf4) 9... Bg4 $17 10. h3 Bxf3 ({Black should play} 10... Bd7 $17) 11. Qxf3 $11 h5 12. h4 Qd7 13. Nd2 g6 14. Qe2 O-O-O 15. a3 Rdg8 16. Nf3 Ng4 17. Bd2 Kb8 18. Qe1 Nd8 19. Bh3 {[%emt 0:02:01] And now Nxe5 would win.} f6 20. Qe2 Ne6 21. b4 g5 22. hxg5 Qe8 (22... fxg5 $11 {keeps the balance.} 23. Ra2 Bd6) 23. Kg2 Bd6 (23... fxg5 $14 24. Nxe5 Nxe5 25. Bxe6 Rg7) 24. Rh1 $18 fxg5 {[%emt 0:04:40] [#]} 25. Bxg4 $1 hxg4 26. Nh2 Qa4 $2 (26... Qe7 $16 {is a better defense.} 27. Nxg4 (27. Qxg4 Nf4+ 28. Kg1 Nxd3 $11) 27... cxb4) 27. Nxg4 ({Not} 27. Qxg4 Nf4+ 28. Bxf4 (28. gxf4 $2 {is the wrong capture.} gxf4 $19) 28... gxf4 $11) 27... Rxh1 28. Rxh1 Qxa3 (28... cxb4 $142 29. axb4 Bxb4 30. Nxe5 Bxd2) 29. b5 Bc7 30. Rh6 Re8 (30... Nf4+ $142 31. gxf4 gxf4) 31. Nf6 Re7 32. Nd5 Re8 33. Qh5 Ng7 {[%emt 0:00:45] [#]} 34. Rh8 $1 {[%emt 0:00:36] White mates.} Rd8 35. Rxd8+ Bxd8 36. Qh8 Ne6 37. Qxe5+ {[%emt 0:00:06] Weighted Error Value: White=0.11 (very precise) /Black=0.59.  Mistake:       	White=1     	Black=6      Inaccurate:     	White=2     	Black=2      OK:         	White=11    	Black=4      Best:        	White=1     	---        Strong:       	White=1     	---} 1-0

[Event "Baku Open 2024"]
[Site "Baku"]
[Date "2024.07.03"]
[Round "5.41"]
[White "Aarav Sinha"]
[Black "Ismayil, Malak"]
[Result "1/2-1/2"]
[ECO "C55"]
[WhiteElo "2300"]
[BlackElo "2165"]
[Annotator "RC"]
[PlyCount "165"]
[EventDate "2024.06.29"]
[EventType "swiss"]
[EventCountry "AZE"]
[SourceTitle "playchess.com"]
[Source "ChessBase"]
[SourceQuality "1"]
[TimeControl "5400+30"]

1. e4 e5 2. Nf3 Nc6 3. Bc4 Nf6 4. d3 Be7 5. O-O O-O 6. c3 d5 7. exd5 Nxd5 8. a4 a5 9. Nbd2 Bg4 10. h3 Bh5 11. Ne4 Kh8 12. Ng3 Bg6 13. Re1 Nb6 14. Bb5 f6 15. d4 Bd6 16. Bxc6 bxc6 17. dxe5 fxe5 18. Bg5 Qe8 19. Nd2 Rb8 20. Nge4 Qf7 21. f3 Bf5 22. b3 Qg6 23. Kh1 h6 24. Be3 Nd5 25. c4 Nb4 26. Rf1 Rfd8 27. Qe2 Nc2 28. Rac1 Nd4 29. Bxd4 exd4 30. Rcd1 Bf4 31. Rfe1 Re8 32. Qd3 Bxd2 33. Rxd2 Bxe4 34. fxe4 c5 35. Rf2 Re5 36. Rf4 Rbe8 37. Qf3 Kh7 38. Rg4 Qe6 39. Rf4 Re7 40. Qd3 Qg6 41. Rg4 Qe6 42. Qd2 Qb6 43. Qd3 Rf7 44. Qg3 Qf6 45. h4 h5 46. Rg5 Rfe7 47. Rxe5 Rxe5 48. Kg1 Qe7 49. Qf4 Qd6 50. Rd1 Qe6 51. Re1 Qd6 52. Rd1 Re7 53. Qf3 Qe5 54. Re1 Kg6 55. Qd3 Rf7 56. g3 Re7 57. Kg2 Kh7 58. Rf1 g6 59. Re1 Qd6 60. Rf1 Kg7 61. Qf3 Qe6 62. Re1 Rf7 63. Qd3 Qf6 64. Qe2 d3 65. Qd2 Qf3+ 66. Kh3 Re7 67. e5 Kh7 68. Kh2 Qf5 69. Qe3 d2 70. Qxd2 Rxe5 71. Rxe5 Qxe5 72. Qd3 Qb2+ 73. Kh3 Qa1 74. Kg2 Qb2+ 75. Kf3 Qf6+ 76. Kg2 Qb2+ 77. Kh3 Qa1 78. Qf3 Qe5 79. Qf7+ Kh6 80. Qf8+ Kh7 81. Qf7+ Kh6 82. Qf8+ Kh7 83. Qf7+ 1/2-1/2

[Event "Baku Open 2024"]
[Site "Baku"]
[Date "2024.07.03"]
[Round "5.42"]
[White "Ravshanov, Sheralijon"]
[Black "Kurmangaliyeva, Liya"]
[Result "0-1"]
[ECO "D35"]
[WhiteElo "2072"]
[BlackElo "2282"]
[Annotator "TA"]
[PlyCount "105"]
[EventDate "2024.06.29"]
[EventType "swiss"]
[EventCountry "AZE"]
[SourceTitle "playchess.com"]
[Source "ChessBase"]
[SourceQuality "1"]
[TimeControl "5400+30"]

1. d4 Nf6 2. c4 e6 3. Nc3 d5 4. cxd5 exd5 5. Bg5 c6 6. e3 Bd6 7. Bd3 O-O 8. Qc2 h6 9. Bh4 Re8 10. Nf3 Be6 11. O-O Nbd7 {[%emt 0:00:19][%cal Bb8d7,Bd7b6,Bb6c8,Bc8d6][%mdl 32] Wards off Ne5} 12. Bg3 Bf8 {[%emt 0:09:12] The position is equal.} 13. h3 Nb6 14. Ne5 Nc8 15. f3 Nd6 16. Rae1 Rc8 17. Qb1 c5 18. dxc5 Rxc5 19. Ne2 Nc4 20. Nxc4 dxc4 21. Bc2 Qb6 22. Nd4 {[%emt 0:06:12] Dodges Rb5} Bd7 23. Bf2 Rd5 24. Qc1 Bc5 25. Bb1 Rc8 26. a3 Rg5 27. h4 Rd5 28. Ba2 Bxd4 29. exd4 {[%emt 0:00:05] White is weak on the light squares} Bf5 {[%emt 0:00:41] Hoping for ...Bd3.} 30. Re5 Bd3 31. Rfe1 Rdd8 32. Bb1 Bxb1 33. Qxb1 Nd5 34. Qf5 Qc6 35. h5 f6 36. Re6 Qc7 37. Qg4 Qf7 38. Bh4 Re8 39. Qf5 (39. Rd6 $11) 39... Rxe6 $17 40. Rxe6 (40. Qxe6 $17 Qxe6 41. Rxe6) 40... Rd8 $2 {[%emt 0:00:20] [#]} ({Black should try} 40... Qd7 $19 {Strongly threatening ...Kf7.} 41. g4 Rd8) 41. Bg3 $11 Ne7 42. Qe4 f5 43. Qe1 (43. Qxb7 Qxe6 44. Be5 Qd7 $19) 43... Nc6 44. Bf2 (44. Bd6 $1 $11 {keeps the balance.}) 44... Kh7 ({Much weaker is} 44... Nxd4 $6 45. Re7 Qd5 (45... Qxh5 46. Qe5 $16) 46. Re5 $14) (44... Qxh5 $6 45. Qc3 $11) 45. g4 (45. a4 $17 {is a better defense.}) 45... Nxd4 $19 46. Bxd4 Rxd4 {[%emt 0:00:01][%mdl 4096] Endgame. KQR-KQR} 47. Re7 (47. Qe3 $17) 47... Qd5 {[%emt 0:00:26] ...Rd1 is the strong threat.} 48. Rxg7+ $2 {[%emt 0:01:05] [#]} (48. Qe5 $19 Qxe5 (48... fxg4 49. Qxg7#) 49. Rxe5 fxg4 50. Rb5) 48... Kxg7 {[%emt 0:00:04] Black mates.} 49. Qe7+ Qf7 50. Qe5+ Qf6 51. Qc7+ Kh8 52. Qb8+ Rd8 53. Qxa7 {[%emt 0:00:21] Weighted Error Value: White=0.34/Black=0.14 (very precise) .  Missed win:     	---       	Black=1      Mistake:       	White=6     	---        Inaccurate:     	White=7     	Black=3      OK:         	White=10    	Black=14     Best:        	White=1     	Black=2} 0-1

[Event "Baku Open 2024"]
[Site "Baku"]
[Date "2024.07.03"]
[Round "5.43"]
[White "Suleimen, Ergali"]
[Black "Voinikonis, Nikita"]
[Result "1-0"]
[ECO "C42"]
[WhiteElo "2254"]
[BlackElo "2129"]
[Annotator "TA"]
[PlyCount "73"]
[EventDate "2024.06.29"]
[EventType "swiss"]
[EventCountry "AZE"]
[SourceTitle "playchess.com"]
[Source "ChessBase"]
[SourceQuality "1"]
[TimeControl "5400+30"]

1. e4 e5 2. Nf3 Nf6 3. Nxe5 d6 4. Nf3 Nxe4 5. Qe2 Qe7 6. d3 Nf6 7. Bg5 Qxe2+ 8. Bxe2 Be7 9. Nc3 h6 10. Bd2 O-O 11. O-O-O Re8 12. h3 {[%emt 0:01:53] The position is equal.} Nc6 13. g4 a6 14. Rdg1 d5 15. Bd1 Be6 16. Ne2 Rad8 17. Rg2 d4 18. a3 Bd5 19. Nf4 $1 Bd6 20. g5 hxg5 21. Rxg5 Re5 22. Rhg1 Rxg5 23. Rxg5 Be6 24. Nxe6 fxe6 25. Rg1 Nd5 ({Black should play} 25... Re8 $14) 26. Ng5 $16 Re8 27. Bf3 {[%emt 0:05:44][%cal Og5e6] [#] Threatens to win with Nxe6!} Ne5 28. Be4 {[%emt 0:01:33][%cal Og5e6] And now Nxe6! would win.} c6 29. f4 (29. Bh7+ Kh8 $15) 29... Nd7 30. Bh7+ Kf8 31. f5 $36 {[%emt 0:00:34][%mdl 2048] Keeping Black busy.} Nc7 (31... Ke7 $16 {was worth a try.} 32. fxe6 (32. Nxe6 Be5 $16) 32... Nc5) 32. Bg6 Re7 33. Ne4 {[%emt 0:02:18] Inhibits Nf6.} Bc5 {[%emt 0:01:27] [#]} (33... Be5 34. Bb4 Bh2) 34. Bg5 $18 e5 35. f6 {[%emt 0:03:26] White is clearly winning.} (35. Bxe7+ Bxe7 36. h4 Nd5 $16) 35... gxf6 (35... Nxf6 $142 36. Nxc5 Ncd5) 36. Bh6+ {[%emt 0:00:33] A strong pair of Bishops.} ({Less strong is} 36. Nxf6 Nxf6 37. Bxf6 Re6 $14) 36... Kg8 37. Bf5+ {[%emt 0:00:05] Weighted Error Value: White=0.06 (flawless) /Black=0.27 (precise) .  Mistake:       	---       	Black=4      Inaccurate:     	White=1     	Black=2      OK:         	White=10    	Black=7      Best:        	White=2     	Black=2      Strong:       	White=1     	---} 1-0

[Event "Baku Open 2024"]
[Site "Baku"]
[Date "2024.07.03"]
[Round "5.44"]
[White "Bashirli, Saadat"]
[Black "Allahverdiyeva, Ayan"]
[Result "1/2-1/2"]
[ECO "B22"]
[WhiteElo "1926"]
[BlackElo "2133"]
[Annotator "NA RC"]
[PlyCount "148"]
[EventDate "2024.06.29"]
[EventType "swiss"]
[EventCountry "AZE"]
[SourceTitle "playchess.com"]
[Source "ChessBase"]
[SourceQuality "1"]
[TimeControl "5400+30"]

1. e4 c5 2. c3 d5 3. exd5 Qxd5 4. d4 Nf6 5. Nf3 e6 6. Na3 a6 7. Nc2 Nc6 8. Be2 Be7 9. O-O O-O 10. Bf4 Rd8 11. Bc7 Re8 12. Bb6 cxd4 13. cxd4 Bd8 14. Ne3 Qe4 15. Nc4 Bxb6 16. Nxb6 Rb8 17. Re1 Qf4 18. Rc1 Rd8 19. Qb3 Qd6 20. Nc4 Qe7 21. Red1 Bd7 22. Nce5 Be8 23. h3 Nd5 24. Bf1 f6 25. Nd3 b6 26. Re1 Qd6 27. Qd1 Nde7 28. b3 Bf7 29. Nb2 b5 30. Bd3 Nxd4 31. Nxd4 Qxd4 32. Qe2 Nd5 33. Bb1 Nc3 34. Bxh7+ Kxh7 35. Qc2+ Bg6 36. Qxc3 Qxc3 37. Rxc3 Rd2 38. Nd1 Rbd8 39. Rc1 Rxa2 40. Rxe6 Bc2 41. Nc3 Bxb3 42. Re3 Rc2 43. Ra1 Rc8 44. Nxb5 Rc1+ 45. Rxc1 Rxc1+ 46. Kh2 Bc4 47. Na3 Bf1 48. Kg3 a5 49. Kh2 Rd1 50. Re4 Rd5 51. Ra4 Be2 52. Nb1 Bd1 53. Ra3 Bc2 54. Nc3 Rd3 55. Nb5 Bb3 56. Nd4 a4 57. Nxb3 axb3 58. Ra5 g5 59. Rb5 Kg6 60. g3 f5 61. Rb6+ Kh5 62. Kg2 Rc3 63. Kh2 Rd3 64. Kg2 g4 65. h4 Rf3 66. Kg1 f4 67. Rb5+ Kg6 68. gxf4 Kf6 69. Kg2 Ke6 70. h5 Kf6 71. h6 Rh3 72. h7 Rxh7 73. Rxb3 Kf5 74. f3 gxf3+ 1/2-1/2

[Event "Baku Open 2024"]
[Site "Baku"]
[Date "2024.07.04"]
[Round "6.1"]
[White "Pranav Vijay"]
[Black "Movahed, Sina"]
[Result "0-1"]
[ECO "B45"]
[WhiteElo "2252"]
[BlackElo "2482"]
[Annotator "TA"]
[PlyCount "82"]
[EventDate "2024.06.29"]
[EventType "swiss"]
[EventCountry "AZE"]
[SourceTitle "playchess.com"]
[Source "ChessBase"]
[SourceQuality "1"]
[TimeControl "5400+30"]

1. e4 c5 2. Nf3 e6 3. d4 cxd4 4. Nxd4 Nf6 5. Nc3 Nc6 6. a3 Be7 7. Nxc6 bxc6 8. e5 Nd5 9. Qg4 {[%emt 0:00:10] The position is equal.} g6 10. Bd2 Rb8 11. Na4 f5 12. Qd4 O-O 13. c4 Nb6 14. Ba5 {[%emt 0:00:19] [#] aiming for c5.} Qe8 15. Nc5 ({Don't play} 15. Bxb6 axb6 16. Be2 (16. Nxb6 $2 {is the wrong capture.} c5 $19) 16... c5 $15) 15... Qf7 16. Nd3 (16. Be2 $14) 16... Qg7 17. Bb4 {[%emt 0:09:38] Prevents d6.} d5 $1 18. Bxe7 Qxe7 19. c5 Nd7 20. b4 Ba6 21. Nf4 Bxf1 22. Kxf1 g5 23. Nd3 f4 24. h4 Rf5 25. Re1 Rbf8 (25... Nf8 $11) 26. hxg5 $16 Qxg5 27. f3 Rb8 28. Rh3 (28. Kf2 {is interesting.} h5 29. Rh3 Kf7 30. Kg1) 28... Kh8 (28... h5 {with more complications.} 29. Kf2 Kf7 30. Kg1 Nf8) 29. Re2 Nf8 30. Ke1 Ng6 31. Kd1 Rf7 32. Kc2 {[%emt 0:01:57] [#]} (32. Rb2 $11) 32... a5 $1 $15 33. Rh1 (33. bxa5 Ra7) 33... Ne7 {[%emt 0:01:01] Threatens to win with ...Nf5.} 34. Kc3 (34. Kd2 $17) 34... axb4+ $19 35. axb4 Ra8 {[%emt 0:00:48] Prevents Ra2. Hoping for ...Qg8.} 36. Rb1 $2 (36. Rd2 {was necessary.}) 36... Nf5 37. Qf2 $2 (37. Qxf4 Qxf4 38. Nxf4) 37... d4+ {[%emt 0:01:02] Black is clearly winning.} 38. Kb2 Rfa7 39. Kc1 Ra3 40. Rd2 Ne3 {[%emt 0:00:11] ( -> ...Qg6)} 41. Rbb2 Qf5 {[%emt 0:00:44] Weighted Error Value: White=0.70/Black=0.10 (very precise) .  Mistake:       	White=5     	Black=1      Inaccurate:     	White=3     	Black=3      OK:         	White=12    	Black=14     Best:        	White=1     	---        Strong:       	---       	Black=1} 0-1

[Event "Baku Open 2024"]
[Site "Baku"]
[Date "2024.07.04"]
[Round "6.2"]
[White "Asadli, Vugar"]
[Black "Narayanan S L"]
[Result "0-1"]
[ECO "B67"]
[WhiteElo "2560"]
[BlackElo "2668"]
[Annotator "TA"]
[PlyCount "49"]
[EventDate "2024.06.29"]
[EventType "swiss"]
[EventCountry "AZE"]
[SourceTitle "playchess.com"]
[Source "ChessBase"]
[SourceQuality "1"]
[TimeControl "5400+30"]

1. e4 c5 2. Nf3 d6 3. d4 cxd4 4. Nxd4 Nf6 5. Nc3 Nc6 6. Bg5 Bd7 7. Qd2 a6 8. O-O-O e6 9. Kb1 Be7 10. f3 Nxd4 11. Qxd4 Qc7 12. Qd2 b5 {[%emt 0:05:30] The position is equal.} 13. g4 b4 14. Ne2 a5 15. Nd4 ({White should play} 15. Bf4 $14) 15... O-O $11 16. Be3 Rfc8 17. g5 Nh5 18. Nb5 Bxb5 19. Bxb5 a4 20. Rhf1 (20. Bd3 $11) 20... Ra5 $1 $15 21. Be2 a3 {[%emt 0:03:24] Threatens to win with ...axb2.} 22. b3 {[%emt 0:04:59][%cal Of3f4] [#]} Bxg5 $1 23. Bxg5 (23. f4 Bh6) 23... Rxg5 24. Ba6 $2 {[%emt 0:00:10][%mdl 8192] [#]} (24. Qxg5 $2 {leads to mate.} Qxc2+ 25. Ka1 Qb2#) (24. Bc4 $17 h6 25. f4) 24... Rg2 $3 $19 25. Bc4 {[%emt 0:27:42] Weighted Error Value: White=0.68/Black=0.05 (flawless) .  Loses game:     	White=1     	---        Mistake:       	White=2     	---        Inaccurate:     	White=3     	Black=1      OK:         	White=5     	Black=6      Strong:       	---       	Black=1      Brilliant:      	---       	Black=1} (25. c4 bxc3) 0-1

[Event "Baku Open 2024"]
[Site "Baku"]
[Date "2024.07.04"]
[Round "6.3"]
[White "Samadov, Read"]
[Black "Mamedov, Rauf"]
[Result "1/2-1/2"]
[ECO "D17"]
[WhiteElo "2503"]
[BlackElo "2651"]
[Annotator "TA"]
[PlyCount "33"]
[EventDate "2024.06.29"]
[EventType "swiss"]
[EventCountry "AZE"]
[SourceTitle "playchess.com"]
[Source "ChessBase"]
[SourceQuality "1"]
[TimeControl "5400+30"]

1. d4 d5 2. c4 c6 3. Nf3 Nf6 4. Nc3 dxc4 5. a4 Bf5 6. Ne5 Nbd7 7. Nxc4 Nb6 8. e3 Nxc4 9. Bxc4 e6 10. a5 Be7 11. O-O O-O 12. f3 b5 13. axb6 axb6 14. Rxa8 Qxa8 15. e4 Bg6 16. Be3 Rd8 17. Qa1 {[%emt 0:12:27] Weighted Error Value: White=0.04 (flawless) /Black=0.10 (very precise) .  OK:         	White=4     	Black=2} (17. Qb3 $5) 1/2-1/2

[Event "Baku Open 2024"]
[Site "Baku"]
[Date "2024.07.04"]
[Round "6.4"]
[White "Jubin Jimmy"]
[Black "Puranik, Abhimanyu"]
[Result "0-1"]
[ECO "A13"]
[WhiteElo "2452"]
[BlackElo "2632"]
[Annotator "RC"]
[PlyCount "112"]
[EventDate "2024.06.29"]
[EventType "swiss"]
[EventCountry "AZE"]
[SourceTitle "playchess.com"]
[Source "ChessBase"]
[SourceQuality "1"]
[TimeControl "5400+30"]

1. c4 e6 2. g3 d5 3. Bg2 d4 4. Nf3 c5 5. O-O Nc6 6. e3 Nf6 7. exd4 cxd4 8. d3 h6 9. Bf4 g5 10. Bd2 Nd7 11. h3 a5 12. Na3 Nc5 13. Qe2 Bg7 14. Nb5 O-O 15. a3 Nb3 16. Rad1 e5 17. Bc1 Be6 18. Nd2 Nxd2 19. Bxd2 Qd7 20. f4 exf4 21. gxf4 g4 22. hxg4 Bxg4 23. Bf3 Bh3 24. Rfe1 Rae8 25. Qf2 Bf5 26. Qf1 Kh7 27. c5 Rxe1 28. Rxe1 Rg8 29. Kh2 Bf8 30. Nd6 Bxd6 31. cxd6 Qd8 32. Qf2 Qxd6 33. Qh4 Bxd3 34. Qh3 Bc2 35. Kh1 Qg6 36. Qh2 Bf5 37. Rg1 Qe6 38. Rxg8 Kxg8 39. Kg1 a4 40. Qf2 Qg6+ 41. Qg2 Kf8 42. Bd1 b5 43. b3 Qxg2+ 44. Kxg2 b4 45. bxa4 bxa3 46. Bc1 a2 47. Bb2 Ke7 48. Kf2 Kd6 49. Bf3 d3 50. Bh5 Bg6 51. Bd1 Na5 52. Bc3 Kc5 53. Kg3 Kc4 54. Bf6 Nb3 55. Kg4 Be4 56. Kh5 Nd4 0-1

[Event "Baku Open 2024"]
[Site "Baku"]
[Date "2024.07.04"]
[Round "6.5"]
[White "Suleymanli, Aydin"]
[Black "Abasov, Nijat"]
[Result "1/2-1/2"]
[ECO "C43"]
[WhiteElo "2626"]
[BlackElo "2621"]
[Annotator "TA"]
[PlyCount "63"]
[EventDate "2024.06.29"]
[EventType "swiss"]
[EventCountry "AZE"]
[SourceTitle "playchess.com"]
[Source "ChessBase"]
[SourceQuality "1"]
[TimeControl "5400+30"]

1. e4 e5 2. Nf3 Nf6 3. d4 Nxe4 4. Bd3 d5 5. Nxe5 Nd7 6. Nc3 Nxc3 7. bxc3 Nxe5 8. dxe5 Bc5 9. O-O O-O 10. Qh5 {[%emt 0:00:10][%csl Gd3][%cal Rh5h7] [#]} g6 11. Qh6 Re8 12. Bg5 Bf8 13. Bxd8 Bxh6 14. Bxc7 Bf5 15. Rad1 {[%emt 0:03:15] Black should prevent Bxf5.} Bxd3 16. Rxd3 ({But not} 16. cxd3 Rac8 17. Bd6 Rxc3 $11) 16... Rac8 17. Bd6 Bf8 18. f4 Rc6 19. Bxf8 Kxf8 $11 {[%emt 0:00:12][%mdl 4096] Endgame. KRR-KRR} 20. Rb1 b6 21. Rb5 Rc4 22. g3 g5 23. Rbxd5 gxf4 {[%emt 0:00:53] The position is equal.} 24. R5d4 Rec8 25. Rxf4 (25. gxf4 Rxc3 26. Rd8+ Rxd8 27. Rxd8+ (27. Rxc3 Rd4 $11) 27... Ke7) 25... Ke7 26. Rdf3 Rxf4 27. gxf4 {[%emt 0:00:03] KR-KR} Rc4 28. Kf2 Ke6 29. Ke2 b5 30. Kd3 Kf5 31. Rh3 Rxf4 32. Rh5+ {[%emt 0:03:57] A balanced but interesting game.   Weighted Error Value: White=0.01 (flawless) /Black=0.02 (flawless) .  OK:         	White=11    	Black=15     Best:        	---       	Black=2} 1/2-1/2

[Event "Baku Open 2024"]
[Site "Baku"]
[Date "2024.07.04"]
[Round "6.6"]
[White "Aditya Mittal"]
[Black "Ibrahimli, Murad"]
[Result "1/2-1/2"]
[ECO "C77"]
[WhiteElo "2595"]
[BlackElo "2400"]
[Annotator "TA"]
[PlyCount "81"]
[EventDate "2024.06.29"]
[EventType "swiss"]
[EventCountry "AZE"]
[SourceTitle "playchess.com"]
[Source "ChessBase"]
[SourceQuality "1"]
[TimeControl "5400+30"]

1. e4 e5 2. Nf3 Nc6 3. Bb5 a6 4. Ba4 Nf6 5. d3 b5 6. Bb3 Be7 7. a4 b4 8. Be3 d6 9. a5 Be6 10. Ba4 Bd7 11. Nbd2 O-O 12. c3 bxc3 13. bxc3 Re8 14. O-O h6 15. d4 exd4 16. cxd4 Bf8 17. d5 Nb4 18. Qb3 c5 19. dxc6 Nxc6 20. Bb6 Qe7 21. Rfe1 Rec8 22. Nh4 Be6 {[%emt 0:02:56] [#]} 23. Nf5 $1 Qd7 24. Qf3 Bxf5 25. exf5 d5 $1 {[%emt 0:00:23] Prevents Ne4} 26. Nb3 Bb4 27. Re3 Qd6 28. Qg3 {[%emt 0:03:19] Dodges Ne5} Ne7 29. Qxd6 Bxd6 30. Nd4 Rc4 31. Bb3 Rxd4 32. Bxd4 {[%emt 0:02:30] [#] Threatens to win with Rd3.} Nxf5 33. Bxf6 {[%emt 0:00:21] A strong pair of Bishops.} (33. Rd3 Nxd4 34. Rxd4 Be5 $17) 33... Nxe3 34. fxe3 gxf6 35. Bxd5 $11 {[%emt 0:00:03][%mdl 4096] Endgame. KRB-KRB} Ra7 36. Rb1 Kg7 37. Kf2 Be5 38. Rb6 Bc3 {[%emt 0:00:07] The position is equal.} 39. Rb7 Rxb7 40. Bxb7 Bxa5 41. Bxa6 {[%emt 0:00:03] Weighted Error Value: White=0.06 (flawless) /Black=0.06 (flawless) .  Inaccurate:     	White=2     	Black=2      OK:         	White=10    	Black=14     Best:        	White=2     	Black=1      Strong:       	---       	Black=1} 1/2-1/2

[Event "Baku Open 2024"]
[Site "Baku"]
[Date "2024.07.04"]
[Round "6.7"]
[White "Muradli, Mahammad"]
[Black "Yeletsky, Ivan"]
[Result "1-0"]
[ECO "D11"]
[WhiteElo "2575"]
[BlackElo "2498"]
[Annotator "TA"]
[PlyCount "87"]
[EventDate "2024.06.29"]
[EventType "swiss"]
[EventCountry "AZE"]
[SourceTitle "playchess.com"]
[Source "ChessBase"]
[SourceQuality "1"]
[TimeControl "5400+30"]

1. d4 d5 2. c4 c6 3. Nf3 Nf6 4. Qb3 e6 5. Bg5 Be7 6. e3 {[%emt 0:00:32] D11: Slav Defence: 3 Nf3 sidelines and 3...Nf6 4 e3 Bg4.} h6 7. Bf4 $146 ({Predecessor:} 7. Bh4 O-O 8. Bd3 Nbd7 9. cxd5 Nxd5 10. Bxe7 Nxe7 11. Qa3 b6 12. Nbd2 Bb7 13. O-O {½-½ Romanov,E (2588)-Kazhgaleyev,M (2643) Chigorin Memorial 17th 2009 (4)}) 7... a5 8. a3 O-O 9. Nc3 Nbd7 10. Be2 dxc4 11. Qxc4 Nd5 12. Bg3 Qb6 13. Rb1 Nxc3 14. Qxc3 Nf6 15. Rc1 Ne4 16. Qc2 Nxg3 17. hxg3 a4 18. O-O Bd7 19. Ne5 Rfd8 20. Nd3 Be8 21. Rfd1 Qa7 22. Bf3 Rac8 23. Nc5 Ra8 24. Nd3 Rac8 25. Nc5 Ra8 26. Qe4 b6 27. Nxe6 fxe6 28. Qxe6+ Bf7 29. Qxc6 Rab8 30. Qb5 Bb3 31. Rd3 Qa5 32. Rxb3 axb3 33. Qxb3+ Kh8 34. Qe6 Qg5 35. Rc6 b5 36. b4 (36. Qe4 $15 b4 37. axb4 (37. Rg6 bxa3 38. Rxg5 axb2 $19) 37... Bxb4 (37... Rxb4 $2 38. Rg6 $18) 38. Rg6) 36... Re8 $17 37. Qb3 Rec8 38. Re6 Rc1+ 39. Kh2 Bf6 (39... Rd8 $19 {...Bd6 would now be deadly.} 40. Re5 Qf6) 40. Qd3 $17 Rf8 41. Rb6 Ra1 42. Rd6 $2 {[%emt 0:00:51] [#]} (42. Be2 $17 Be7 43. f4) 42... Be5 $4 (42... Rc8 $1 $19 {[%mdl 512] and all is fine. ( -> ...Rcc1)} 43. Qe4 (43. Rd5 {leads to mate.} Rcc1) 43... g6 (43... Rxa3 $2 {loses.} 44. Rd5 $18)) 43. dxe5 $18 Rxf3 $2 (43... Qxe5 $18 44. Rd4 Ra2) 44. Rd8+ 1-0

[Event "Baku Open 2024"]
[Site "Baku"]
[Date "2024.07.04"]
[Round "6.8"]
[White "Gokerkan, Cem Kaan"]
[Black "Zverev, Lev"]
[Result "0-1"]
[ECO "C54"]
[WhiteElo "2512"]
[BlackElo "2416"]
[Annotator "TA"]
[PlyCount "74"]
[EventDate "2024.06.29"]
[EventType "swiss"]
[EventCountry "AZE"]
[SourceTitle "playchess.com"]
[Source "ChessBase"]
[SourceQuality "1"]
[TimeControl "5400+30"]

1. e4 e5 2. Nf3 Nc6 3. Bc4 Bc5 4. c3 Nf6 5. d4 exd4 6. e5 d5 7. Bb5 Ne4 8. cxd4 Bb6 9. Nc3 O-O 10. Be3 Bg4 11. h3 Bh5 12. Qc2 {[%emt 0:00:07] The position is equal.} Nxc3 13. bxc3 f6 14. exf6 Qxf6 15. Be2 Rae8 16. O-O Ne7 17. Ne5 Bxe2 18. Qxe2 Qe6 {[%emt 0:01:36] Dodges Nd7} 19. g4 c5 20. f4 cxd4 21. cxd4 Nc6 {[%emt 0:00:12] Threatening ...g5.} 22. Rad1 g5 {[%emt 0:06:30] With the idea ...gxf4.} 23. f5 (23. fxg5 Nxe5 (23... Rxf1+ $2 24. Kxf1 Nxe5 25. Bf2 $19) 24. Rxf8+ Rxf8 $19) 23... Qd6 24. Qf2 {[%emt 0:03:59] [#]} Nxd4 $1 25. Bxd4 Bxd4 26. Rxd4 Rxe5 (26... Qxe5 $6 27. Rfd1 $14) 27. h4 Qf6 (27... gxh4 {is more complex.} 28. Qxh4 Qb6 29. Rfd1 Re2) 28. Qd2 gxh4 29. Rxd5 Re4 30. Qg2 (30. Rf4 $1 $11 {keeps the balance.} Qa1+ 31. Kg2) 30... Rfe8 $17 {[%emt 0:04:00] ...Re2 would now be deadly.} 31. g5 Qb6+ 32. Kh1 {[%emt 0:00:26] [#] Black must now prevent f6.} Re2 $1 33. f6 {[%emt 0:02:55] f7+ would kill now.} Kf8 {[%emt 0:04:30] Chess con chili. Black is more active.} (33... Rxg2 $17 34. f7+ Kf8 35. fxe8=Q+ Kxe8 36. Kxg2 Qe3) 34. Qh3 $11 {[%emt 0:06:08] White wants to mate with Qa3+.} Rf2 35. Rf5 $2 (35. Rxf2 $11 Qxf2 36. Qa3+ (36. Rd1 Re1+ 37. Rxe1 Qxe1+ 38. Kg2 Qe2+ 39. Kg1 Qd1+ 40. Kg2 Qc2+ 41. Kf3 Qc4 $11) 36... Kg8 37. Rd1) 35... Qc6+ {[%emt 0:02:29] Black mates.} 36. Kg1 {[%emt 0:00:01] [#]} Re3 $3 37. Qh1 (37. Qg4 Rg3+) 37... Rg3+ {[%emt 0:00:09] Weighted Error Value: White=0.29 (precise) /Black=0.07 (flawless) .  Loses game:     	White=1     	---        Mistake:       	White=1     	Black=1      Inaccurate:     	White=1     	Black=1      OK:         	White=7     	Black=13     Best:        	White=3     	---        Strong:       	---       	Black=1} 0-1